Map: Stasis LE

Players

Fab - Winner!

  • Race: Protoss Protoss
  • League: Platinum
  • Spawn Location: 11:00

MrGreeny

  • Race: Zerg Zerg
  • League: Platinum
  • Spawn Location: 1:00

VOD

Have the link to the VOD?

Description

Time

  • Played on: Jan. 2, 2019, 11:41 a.m.
  • Length: 20:27
Show
View Real Time Build Order
Export as new Build Order

Fab Protoss - Winner!

Build Orders: Forge Fast Expand (FFE) 

Get SALT Encoding   

  1  0:00  Probe  
  12  0:05  Probe  
  14  0:20  Pylon  
  14  0:24  Probe  
  15  0:38  Probe  
  16  0:51  Probe  
  17  0:59  Forge  
  17  1:12  Nexus  
  17  1:15  Probe  
  18  1:27  Probe  
  19  1:33  Photon Cannon  
  19  1:38  Pylon, Probe  
  19  1:46  Probe  
  20  1:53  Gateway  
  21  1:56  Probe  
  22  2:02  Assimilator  
  22  2:06  Assimilator  
  22  2:07  Probe  
  23  2:12  Pylon  
  23  2:15  Probe  
  24  2:23  Probe  
  24  2:24  Probe  
  26  2:32  Probe  
  26  2:34  Probe  
  28  2:41  Probe  
  29  2:47  Probe  
  30  2:54  Assimilator, Probe  
  31  2:59  Probe  
  31  3:02  Cybernetics Core  
  32  3:06  Probe  
  32  3:07  Photon Cannon  
  32  3:08  Probe  
  34  3:16  Probe  
  34  3:18  Assimilator, Probe  
  35  3:25  Probe  
  35  3:26  Probe  
  38  3:34  Probe  
  38  3:37  Probe  
  38  3:41  Stargate  
  40  3:44  Probe  
  41  3:49  Probe  
  41  3:52  Stargate  
  41  3:55  Pylon  
  42  3:57  Probe  
  42  4:01  Probe  
  44  4:09  Probe  
  45  4:13  Pylon, Probe  
  46  4:25  Void Ray  
  50  4:33  Pylon  
  50  4:38  Pylon, Photon Cannon  
  50  4:41  Void Ray  
  50  4:42  Protoss Air Weapons Level 1  
  50  4:45  Protoss Shields Level 1  
  54  4:52  Stargate  
  54  4:56  Pylon  
  54  5:05  Photon Cannon  
  54  5:10  Photon Cannon  
  54  5:11  Shield Battery  
  54  5:19  Void Ray, Photon Cannon  
  58  5:23  Void Ray  
  58  5:28  Pylon  
  62  5:29  Shield Battery  
  62  5:33  Shield Battery  
  62  5:36  Void Ray  
  66  5:52  Stargate  
  66  6:10  Void Ray x2  
  66  6:11  Nexus  
  74  6:16  Pylon  
  74  6:19  Pylon  
  74  6:23  Void Ray, Pylon  
  78  6:29  Assimilator  
  78  6:31  Assimilator  
  78  6:35  Photon Cannon  
  78  6:39  Shield Battery  
  78  6:44  Protoss Air Armor Level 1  
  78  6:50  Photon Cannon  
  78  6:53  Shield Battery  
  78  7:14  Twilight Council  
  78  7:18  Void Ray x2  
  78  7:19  Probe  
  86  7:26  Shield Battery  
  86  7:27  Probe  
  87  7:31  Photon Cannon  
  87  7:36  Shield Battery  
  88  7:37  Photon Cannon, Probe  
  89  7:44  Photon Cannon  
  89  7:49  Probe  
  90  7:54  Photon Cannon  
  90  8:01  Void Ray, Probe  
  95  8:06  Protoss Shields Level 2  
  95  8:11  Probe x2  
  96  8:19  Probe  
  97  8:24  Void Ray  
  102  8:28  Probe  
  103  8:38  Void Ray  
  103  8:40  Probe  
  108  8:48  Probe  
  108  8:50  Fleet Beacon  
  109  8:56  Probe  
  109  8:59  Void Ray  
  109  9:02  Void Ray  
  118  9:06  Probe  
  119  9:11  Protoss Air Weapons Level 2  
  119  9:18  Probe  
  119  9:23  Void Ray x2  
  128  9:33  Photon Cannon  
  128  9:36  Shield Battery  
  128  9:42  Void Ray  
  132  9:53  Pylon  
  132  9:57  Pylon  
  132  10:06  Nexus  
  132  10:08  Pylon, Protoss Shields Level 3  
  132  10:11  Void Ray  
  132  10:14  Photon Cannon  
  136  10:16  Shield Battery  
  136  10:20  Photon Cannon  
  136  10:21  Shield Battery  
  136  10:38  Void Ray  
  140  10:46  Shield Battery  
  140  10:48  Photon Cannon  
  140  10:53  Photon Cannon  
  140  10:58  Shield Battery  
  140  11:01  Photon Cannon  
  140  11:04  Void Ray  
  144  11:14  Protoss Air Armor Level 2  
  144  11:16  Void Ray x2  
  152  11:30  Probe  
  152  11:38  Assimilator, Probe  
  153  11:42  Photon Cannon  
  153  11:43  Assimilator  
  154  11:48  Probe  
  155  11:56  Void Ray x2  
  155  11:59  Void Ray x2  
  155  12:00  Probe  
  172  12:07  Pylon  
  172  12:12  Pylon  
  172  12:19  Pylon  
  172  12:25  Probe  
  173  12:30  Photon Cannon  
  173  12:37  Probe  
  174  12:47  Mothership  
  174  12:48  Photon Cannon  
  174  12:50  Probe  
  175  12:52  Photon Cannon  
  175  12:53  Shield Battery  
  175  12:58  Void Ray x3, Protoss Ground Weapons Level 1  
  183  13:02  Probe  
  183  13:03  Shield Battery  
  196  13:06  Photon Cannon  
  196  13:13  Protoss Air Weapons Level 3  
  196  13:15  Pylon  
  196  13:19  Pylon  
  196  13:31  Shield Battery  
  196  13:33  Probe  
  197  13:46  Void Ray, Shield Battery  
  169  14:15  Nexus  
  169  14:17  Tempest  
  169  14:18  Tempest, Carrier  
  185  14:29  Carrier  
  191  14:42  Protoss Ground Armor Level 1  
  191  14:55  Stargate  
  191  14:58  Pylon  
  191  15:00  Photon Cannon  
  191  15:02  Photon Cannon  
  191  15:05  Shield Battery  
  191  15:06  Shield Battery  
  191  15:08  Photon Cannon  
  191  15:13  Photon Cannon  
  191  15:14  Shield Battery  
  191  15:18  Shield Battery  
  191  15:20  Assimilator  
  191  15:23  Photon Cannon  
  191  15:27  Photon Cannon  
  191  15:33  Stargate  
  191  15:34  Carrier  
  197  15:36  Oracle  
  197  15:40  Protoss Air Armor Level 3  
  200  15:44  Stargate  
  200  15:58  Assimilator  
  200  16:03  Photon Cannon, Shield Battery  
  200  16:29  Pylon  
  200  16:34  Pylon  
  200  16:36  Protoss Ground Weapons Level 2  
  200  16:53  Pylon  
  200  16:57  Photon Cannon  
  200  16:59  Photon Cannon  
  200  17:03  Nexus  
  200  17:04  Shield Battery  
  200  17:06  Shield Battery  
  200  17:09  Photon Cannon x2  
  200  17:14  Shield Battery  
  200  17:15  Shield Battery  
  200  17:19  Photon Cannon  
  200  17:20  Shield Battery  
  200  17:25  Photon Cannon  
  200  17:31  Photon Cannon  
  200  17:44  Stargate  
  200  17:48  Stargate  
  197  18:17  Assimilator  
  197  18:23  Assimilator  
  197  18:31  Photon Cannon  
  197  18:40  Pylon  
  197  18:42  Shield Battery  
  197  18:45  Photon Cannon  
  197  19:11  Photon Cannon  
  197  19:32  Stargate  
  197  19:35  Stargate  
  197  20:02  Photon Cannon  
  197  20:04  Photon Cannon  
  197  20:08  Shield Battery  
  197  20:10  Shield Battery  
  197  20:14  Photon Cannon  
  189  20:15  Shield Battery  
Show
View Real Time Build Order
Export as new Build Order

MrGreeny Zerg 

Build Orders: Hatch First, Roach Hydra 

Get SALT Encoding   

  12  0:01  Drone  
  13  0:13  Overlord  
  13  0:18  Drone  
  14  0:31  Drone x2  
  14  0:34  Drone  
  17  0:56  Hatchery  
  16  1:00  Drone x2  
  18  1:05  Extractor  
  18  1:07  Drone  
  18  1:21  Drone  
  18  1:23  Evolution Chamber  
  19  1:26  Spawning Pool  
  19  1:28  Drone  
  19  1:39  Drone  
  20  1:53  Drone  
  21  2:03  Hatchery  
  21  2:06  Drone  
  21  2:09  Drone  
  21  2:11  Drone  
  23  2:20  Drone  
  24  2:24  Queen  
  26  2:34  Queen  
  28  2:45  Overlord  
  28  2:46  Overlord  
  28  2:50  Metabolic Boost  
  28  3:00  Overlord  
  28  3:04  Drone x2  
  28  3:05  Drone  
  31  3:07  Drone  
  31  3:09  Drone  
  33  3:16  Queen  
  33  3:19  Drone  
  36  3:23  Drone  
  37  3:29  Drone x3  
  37  3:31  Spore Crawler  
  39  3:37  Spore Crawler  
  39  3:38  Drone x2  
  40  3:45  Drone  
  40  3:46  Drone x2  
  43  3:50  Drone x3  
  46  4:01  Drone  
  46  4:02  Drone x2  
  49  4:03  Roach Warren  
  49  4:07  Lair  
  48  4:13  Queen  
  48  4:14  Drone  
  48  4:15  Drone  
  52  4:21  Overlord  
  52  4:31  Drone x3  
  52  4:33  Evolution Chamber  
  52  4:36  Drone x2  
  52  4:37  Drone, Extractor  
  56  4:48  Overlord x2  
  56  4:56  Spore Crawler  
  55  5:17  Hydralisk Den, Drone  
  55  5:18  Drone x2  
  55  5:20  Extractor  
  56  5:27  Hatchery  
  55  5:29  Spore Crawler  
  55  5:30  Queen  
  55  5:33  Queen  
  55  5:35  Queen  
  58  5:39  Drone x3  
  58  5:40  Extractor  
  58  5:41  Drone x3  
  65  5:45  Drone x3  
  65  5:46  Drone  
  65  5:47  Overlord x2  
  69  5:50  Hydralisk x2  
  69  5:52  Overlord x2  
  73  5:59  Zerg Missile Weapons Level 1  
  73  6:02  Spore Crawler  
  72  6:08  Roach  
  72  6:09  Roach x4  
  82  6:12  Hydralisk x4  
  90  6:30  Hydralisk x3  
  90  6:32  Overlord x2  
  96  6:38  Drone x6, Extractor  
  96  6:39  Drone x2, Extractor  
  102  6:41  Overlord  
  102  6:49  Overseer  
  102  7:04  Hydralisk x4  
  110  7:20  Drone  
  110  7:21  Drone x3  
  114  7:28  Glial Reconstitution  
  114  7:32  Muscular Augments  
  114  7:38  Hydralisk  
  116  8:02  Hatchery  
  116  8:05  Zergling x6  
  118  8:13  Roach x5  
  118  8:14  Roach x4  
  118  8:17  Overlord x4  
  136  8:26  Pneumatized Carapace  
  136  8:31  Overlord x3  
  136  8:38  Spire  
  135  8:44  Grooved Spines  
  135  9:04  Roach x8  
  135  9:05  Roach x4  
  151  9:27  Hydralisk x7, Spire  
  151  9:28  Hydralisk x3  
  170  9:37  Drone  
  170  9:38  Drone x8  
  176  9:39  Drone x6  
  176  9:40  Drone  
  186  9:50  Zerg Missile Weapons Level 2  
  186  9:54  Evolution Chamber  
  186  9:56  Infestation Pit, Overlord x4  
  186  9:57  Overlord x6  
  184  10:19  Extractor  
  184  10:21  Extractor  
  171  11:01  Hydralisk x2  
  171  11:02  Hydralisk x7  
  171  11:03  Hydralisk x5  
  199  11:12  Zerg Ground Armor Level 1  
  179  11:34  Corruptor x6  
  191  12:05  Corruptor  
  191  12:06  Corruptor x3  
  199  12:13  Hatchery  
  199  12:15  Hatchery  
  197  12:25  Zerg Flyer Weapons Level 1  
  197  12:30  Hive  
  197  12:31  Corruptor x2  
  181  13:00  Zerg Flyer Armor Level 1  
  181  13:04  Corruptor x6  
  193  13:38  Corruptor  
  193  13:39  Corruptor x6  
  169  13:54  Hydralisk x6  
  107  14:11  Spore Crawler x3  
  107  14:12  Spore Crawler x2  
  107  14:13  Spore Crawler  
  107  14:16  Spore Crawler  
  100  14:17  Drone x5, Spore Crawler x2  
  100  14:18  Drone x7  
  100  14:19  Drone x3, Spore Crawler  
  100  14:20  Spore Crawler x2  
  100  14:22  Spore Crawler  
  109  14:24  Spore Crawler  
  109  14:25  Spore Crawler  
  109  14:26  Infestor x3  
  109  14:27  Infestor  
  101  14:46  Drone, Extractor  
  101  14:47  Drone x2  
  101  14:48  Drone x3, Extractor  
  105  14:56  Hydralisk x3  
  105  14:57  Hydralisk x7  
  125  15:09  Drone x5  
  125  15:10  Drone x7  
  137  15:30  Spore Crawler  
  137  15:32  Pathogen Glands, Spore Crawler  
  135  15:36  Greater Spire  
  135  15:38  Spore Crawler  
  135  15:39  Spore Crawler  
  135  15:40  Zerg Flyer Weapons Level 2  
  133  15:43  Corruptor x3  
  133  15:44  Corruptor  
  141  16:03  Zerg Ground Armor Level 2  
  141  16:05  Zerg Missile Weapons Level 3  
  141  16:15  Extractor  
  141  16:17  Extractor  
  139  16:25  Drone  
  140  16:26  Drone x2  
  140  16:27  Drone  
  140  16:30  Hatchery  
  139  16:47  Corruptor  
  139  16:48  Corruptor  
  139  16:49  Corruptor x5  
  139  16:50  Corruptor x2  
  157  17:18  Queen  
  157  17:20  Corruptor x4  
  157  17:21  Corruptor x4  
  175  17:36  Queen  
  113  18:13  Corruptor x2  
  113  18:14  Corruptor x11  
  113  18:15  Corruptor  
  141  18:34  Zergling x14  
  143  18:35  Zergling x52  
  143  18:36  Zergling x12  
  180  18:43  Corruptor x2  
  180  18:44  Corruptor x2  
  180  18:45  Corruptor  
  190  18:51  Mutalisk  
  161  19:38  Corruptor x7  
Tags
 
Add a new tag
Caveats
  • Supply blocks, unpowered buildings, or Contaminate may cause inaccurate times.
  • Supply counts are checked every 10 seconds.